[Event "Titled Tuesday Blitz November 01 Late 2022"]
[White "Pace, Christopher"]
[Black "Munoz Sanchez, Miguel"]
[WhiteFideId "2610167"]
[BlackFideId "3600734"]
[WhiteElo "2279"]
[BlackElo "2166"]
[Result "1-0"]
[Round "03"]
[TimeControl "180+1"]
[Date "2022.11.02"]
[WhiteClock "0:00:17"]
[BlackClock "0:00:13"]

1. d4 Nf6 2. Nf3 g6 3. c4 Bg7 4. Nc3 d6 5. e4 O-O 6. Be2 e5 7. O-O exd4 8. Nxd4 Nc6 9. Nc2 Re8 10. f3 Be6 11. Be3 Nd7 12. Qd2 Qh4 13. Bg5 Qh5 14. g4 Qh3 15. Rf2 Nde5 16. Nd5 Bxd5 17. cxd5 Ne7 18. Ne1 f6 19. Bf1 Nxf3+ 20. Rxf3 Qxg4+ 21. Rg3 Qxe4 22. Bg2 Qf5 23. Bh6 Qh5 24. Bxg7 Kxg7 25. Rc1 Rac8 26. Bh3 Nf5 27. Bxf5 Qxf5 28. Nf3 Re7 29. Rf1 Rce8 30. Nd4 Qe5 31. Nf5+ Kf7 32. Nxe7 Rxe7 33. Rf2 h5 34. Rgf3 f5 35. Kg2 Kf6 36. h4 Qe4 37. Qg5+ Kf7 38. Kh2 Qxd5 39. Rxf5+ gxf5 40. Rxf5+ Qxf5 41. Qxf5+ Ke8 42. Qc8+ Kf7 43. Qxb7 Ke6 44. Qxa7 d5 45. Qc5 Ke5 46. Qxe7+ 1-0


[Site "https://www.chess.com"]

[Event "Titled Tuesday Blitz November 01 Late 2022"]
[White "Paravyan, David"]
[Black "Kravtsiv, Martyn"]
[WhiteFideId "4194985"]
[BlackFideId "14113147"]
[WhiteElo "3018"]
[BlackElo "2806"]
[Result "1-0"]
[Round "03"]
[TimeControl "180+1"]
[Date "2022.11.01"]
[WhiteClock "0:01:48"]
[BlackClock "0:00:40"]

1. e4 e5 2. Nf3 Nc6 3. Nc3 Nf6 4. d4 exd4 5. Nxd4 Bb4 6. Nxc6 bxc6 7. Bd3 O-O 8. O-O d5 9. exd5 cxd5 10. h3 c6 11. Re1 Be6 12. Qf3 c5 13. Bg5 h6 14. Bh4 c4 15. Bf1 g5 16. Bg3 Ne4 17. Nxe4 dxe4 18. Rxe4 Bd5 19. Bxc4 Bxe4 20. Qxe4 Qf6 21. Be5 Rae8 22. Bd3 1-0


[Site "https://www.chess.com"]

[Event "Titled Tuesday Blitz November 01 Late 2022"]
[White "Petrova, Irina"]
[Black "Floresvillar Gonzalez, Luis Migu"]
[WhiteFideId "14124122"]
[BlackFideId "5100542"]
[WhiteElo "2023"]
[BlackElo "2040"]
[Result "0-1"]
[Round "03"]
[TimeControl "180+1"]
[Date "2022.11.02"]
[WhiteClock "0:00:35"]
[BlackClock "0:00:28"]

1. e4 c6 2. d4 d5 3. Nc3 dxe4 4. Nxe4 Bf5 5. Ng3 Bg6 6. h4 h6 7. Nf3 Nd7 8. h5 Bh7 9. Bd3 Bxd3 10. Qxd3 e6 11. Bd2 Qb6 12. O-O-O Ngf6 13. Kb1 O-O-O 14. Ne4 Nxe4 15. Qxe4 Nf6 16. Qe2 Ba3 17. Bc1 Rhe8 18. c4 Bf8 19. Bd2 Re7 20. Bc3 Nd7 21. Ne5 Nxe5 22. dxe5 Red7 23. f4 Bb4 24. Bxb4 Qxb4 25. b3 Qc3 26. Rxd7 Rxd7 27. Rd1 Rxd1+ 28. Qxd1 Qe3 29. Qg4 Qe4+ 30. Kb2 Qd4+ 31. Kc1 Qc3+ 32. Kd1 Qa1+ 33. Kc2 Qxa2+ 34. Kc3 Qa1+ 35. Kb4 a5+ 36. Kc5 Kc7 0-1


[Site "https://www.chess.com"]

[Event "Titled Tuesday Blitz November 01 Late 2022"]
[White "Pham, Khoi"]
[Black "Velikanov, Alexander"]
[WhiteFideId "1054988"]
[BlackFideId "2039290"]
[WhiteElo "2479"]
[BlackElo "2259"]
[Result "0-1"]
[Round "03"]
[TimeControl "180+1"]
[Date "2022.11.02"]
[WhiteClock "0:00:02"]
[BlackClock "0:00:06"]

1. e4 c5 2. Nf3 Nc6 3. d4 cxd4 4. Nxd4 Qb6 5. Nf3 Nf6 6. Bd3 d5 7. exd5 Nxd5 8. O-O Bg4 9. h3 Bh5 10. Nbd2 O-O-O 11. Qe1 Nf4 12. Bc4 e6 13. Qe4 Bd6 14. Bb3 f5 15. Bxe6+ Kb8 16. Bxf5 Rde8 17. Qc4 Rhf8 18. Be4 Ne5 19. Nxe5 Rxe5 20. Nf3 Nxh3+ 21. gxh3 Bxf3 22. Bxf3 Rxf3 23. Qg8+ Kc7 24. Qxg7+ Re7 25. Qh6 Rg3+ 26. Kh1 Qc6+ 27. f3 Rxf3 28. Rxf3 Qxf3+ 29. Kg1 Re1# 0-1


[Site "https://www.chess.com"]

[Event "Titled Tuesday Blitz November 01 Late 2022"]
[White "Plat, Vojtech"]
[Black "Ozates, Tuna"]
[WhiteFideId "325740"]
[BlackFideId "6354521"]
[WhiteElo "2514"]
[BlackElo "2151"]
[Result "1-0"]
[Round "03"]
[TimeControl "180+1"]
[Date "2022.11.02"]
[WhiteClock "0:01:51"]
[BlackClock "0:00:19"]

1. e4 c5 2. Nf3 Nc6 3. c3 d5 4. exd5 Qxd5 5. d4 Bf5 6. Be3 cxd4 7. Nxd4 Nxd4 8. Qxd4 Qxd4 9. Bxd4 f6 10. Nd2 Nh6 11. h3 e5 12. Be3 Nf7 13. Bb5+ Bd7 14. a4 Nd6 15. Bxd7+ Kxd7 16. O-O-O Kc7 17. g4 Be7 18. f4 e4 19. Bc5 Rhe8 20. Rhe1 g6 21. Kc2 f5 22. Nb3 b6 23. Bd4 Rad8 24. Be5 Kb7 25. Nd4 Nc4 26. gxf5 gxf5 27. Nxf5 Bh4 28. Rxd8 Rxd8 29. Rxe4 Rd2+ 30. Kc1 Rxb2 31. Rxc4 1-0


[Site "https://www.chess.com"]

[Event "Titled Tuesday Blitz November 01 Late 2022"]
[White "Poliakova, Varvara"]
[Black "Dimitrov, Atanas"]
[WhiteFideId "13518313"]
[BlackFideId "2901315"]
[WhiteElo "1938"]
[BlackElo "2749"]
[Result "1/2-1/2"]
[Round "03"]
[TimeControl "180+1"]
[Date "2022.11.02"]
[WhiteClock "0:01:00"]
[BlackClock "0:00:11"]

1. f4 Nf6 2. Nf3 g6 3. g3 Bg7 4. Bg2 O-O 5. O-O c5 6. d3 d5 7. Ne5 Nbd7 8. Nxd7 Bxd7 9. e4 dxe4 10. dxe4 Bc6 11. Nc3 Qd4+ 12. Kh1 Rad8 13. Qe2 Qb4 14. a3 Qb6 15. g4 h5 16. g5 Nd7 17. f5 Qc7 18. Bf4 Be5 19. Bxe5 Qxe5 20. Rae1 Nb6 21. Rd1 Rd4 22. Rde1 Rfd8 23. Qf3 gxf5 24. Qxf5 Qxf5 25. exf5 Bxg2+ 26. Kxg2 Rd2+ 27. Rf2 Kf8 28. Ne4 Rxf2+ 29. Kxf2 Rd5 30. f6 exf6 31. gxf6 Nc4 32. b3 Nd6 33. Nxd6 Rxd6 34. Re5 Rxf6+ 35. Ke3 Re6 36. Rxe6 fxe6 37. Kf4 Kf7 38. Kg5 b6 39. Kxh5 Kf6 40. Kg4 Ke5 41. h4 Kf6 42. Kf4 Kg6 43. Ke5 Kh5 44. Kxe6 Kxh4 45. Kd5 Kg4 46. Kc6 Kf3 47. Kb7 Ke3 48. Kxa7 Kd2 49. Kxb6 Kxc2 50. a4 Kxb3 51. a5 c4 52. a6 c3 53. a7 c2 54. a8=Q c1=Q 55. Qd5+ Qc4 56. Qxc4+ Kxc4 1/2-1/2


[Site "https://www.chess.com"]

[Event "Titled Tuesday Blitz November 01 Late 2022"]
[White "Polster, Christian"]
[Black "Muhammad, Shahzeb"]
[WhiteFideId "12965081"]
[BlackFideId "7804806"]
[WhiteElo "2209"]
[BlackElo "2405"]
[Result "0-1"]
[Round "03"]
[TimeControl "180+1"]
[Date "2022.11.02"]
[WhiteClock "0:00:09"]
[BlackClock "0:02:02"]

1. e4 d5 2. exd5 Nf6 3. Bb5+ Nbd7 4. Nc3 a6 5. Be2 b5 6. Nf3 Nb6 7. O-O Bb7 8. d4 Nbxd5 9. Nxd5 Qxd5 10. Re1 e6 11. a4 Be7 12. axb5 axb5 13. Rxa8+ Bxa8 14. Qd3 Bc6 15. Bf4 Bd6 16. Bg3 O-O 17. Bf1 Ra8 18. c3 Qb3 19. Rb1 Be4 20. Qxb5 Qxb5 21. Bxb5 Bxb1 0-1


[Site "https://www.chess.com"]

[Event "Titled Tuesday Blitz November 01 Late 2022"]
[White "Poltorak, Sebastian"]
[Black "Pakleza, Zbigniew"]
[WhiteFideId "1199498"]
[BlackFideId "1119290"]
[WhiteElo "2232"]
[BlackElo "2411"]
[Result "0-1"]
[Round "03"]
[TimeControl "180+1"]
[Date "2022.11.02"]
[WhiteClock "0:00:12"]
[BlackClock "0:00:10"]

1. d4 d6 2. c4 e5 3. Nf3 exd4 4. Nxd4 g6 5. Nc3 Bg7 6. g3 Ne7 7. Bg2 O-O 8. O-O Nd7 9. e3 Ne5 10. b3 h5 11. Bb2 h4 12. Qd2 hxg3 13. hxg3 c6 14. Nf3 Bg4 15. Nxe5 dxe5 16. Qc2 Qc7 17. f3 Be6 18. Rad1 Nf5 19. Qf2 Qb6 20. Rfe1 Bh6 21. f4 Rfd8 22. Rxd8+ Rxd8 23. Ne4 exf4 24. gxf4 Bc8 25. Nf6+ Kf8 26. Nh7+ Kg8 27. Nf6+ Kf8 28. Nh7+ Ke8 29. Nf6+ Ke7 30. Ng4 Bg7 31. Bxg7 Nxg7 32. Qb2 Kf8 33. Ne5 Qa5 34. Qf2 Qd2 35. Re2 Qd6 36. Nf3 Nf5 37. Rd2 Qc7 38. Rxd8+ Qxd8 39. e4 Ng7 40. Qd2 Qxd2 41. Nxd2 Nh5 42. f5 gxf5 43. exf5 Bxf5 44. Nf3 Nf4 45. Bf1 Be4 46. Kf2 Bxf3 47. Kxf3 Ne6 48. Ke4 Ke7 49. b4 c5 50. a3 Kd6 51. Bh3 b6 52. Bf1 Nd4 53. Bd3 Nc6 54. b5 Nd4 55. Bb1 Ke6 56. Bd3 f5+ 57. Kf4 Kf6 58. Bb1 Ne6+ 59. Kf3 Ke5 60. Ke3 Nd4 61. Kd3 Kf4 62. Ba2 Kg3 63. Bb1 f4 64. Kd2 f3 65. Ke3 f2 66. Bd3 Nc2+ 67. Ke4 Nxa3 68. Kd5 Kg2 69. Kc6 f1=Q 70. Bxf1+ Kxf1 71. Kb7 Nxc4 72. Kxa7 Ke2 73. Kb7 Kd3 74. Kc6 Kd4 75. Kd7 Kc3 76. Kc6 Kb4 0-1


[Site "https://www.chess.com"]

[Event "Titled Tuesday Blitz November 01 Late 2022"]
[White "Przybylski, Wojciech"]
[Black "Paszewski, Mateusz"]
[WhiteFideId "1117599"]
[BlackFideId "1141058"]
[WhiteElo "2221"]
[BlackElo "2213"]
[Result "1-0"]
[Round "03"]
[TimeControl "180+1"]
[Date "2022.11.02"]
[WhiteClock "0:00:06"]
[BlackClock "0:00:04"]

1. e4 c5 2. Nf3 d6 3. d4 cxd4 4. Nxd4 Nf6 5. Nc3 g6 6. Be2 Bg7 7. Kf1 O-O 8. Be3 Nc6 9. h4 d5 10. exd5 Nxd5 11. Nxd5 Qxd5 12. Nxc6 Qxc6 13. h5 Be6 14. hxg6 fxg6 15. c3 Rad8 16. Qc2 Bd5 17. f3 e5 18. Rd1 e4 19. f4 g5 20. g3 b5 21. Rh2 a5 22. Kg1 a4 23. fxg5 Bxa2 24. Rxd8 Rxd8 25. Bf3 exf3 26. Qxh7+ Kf8 27. Qf5+ Bf7 28. Bc5+ Ke8 29. Rf2 Qd5 30. Qxf3 Qxf3 31. Rxf3 Rd1+ 32. Kf2 Bd5 33. Re3+ Kf7 34. Re7+ 1-0


[Site "https://www.chess.com"]

[Event "Titled Tuesday Blitz November 01 Late 2022"]
[White "Putnam, Liam"]
[Black "Dzierzak, Radoslaw"]
[WhiteFideId "30938279"]
[BlackFideId "1161407"]
[WhiteElo "2082"]
[BlackElo "2111"]
[Result "1-0"]
[Round "03"]
[TimeControl "180+1"]
[Date "2022.11.02"]
[WhiteClock "0:01:13"]
[BlackClock "0:00:02"]

1. d4 Nf6 2. Nc3 d5 3. Bf4 c6 4. e3 Bf5 5. Nf3 h6 6. Ne5 Nbd7 7. g4 Bh7 8. h4 e6 9. g5 Ne4 10. g6 Nxe5 11. gxh7 Nxc3 12. bxc3 Ng6 13. Bg3 Bd6 14. h5 Nf8 15. Qg4 Rxh7 16. Rb1 Bxg3 17. Qxg3 Qb8 18. Qg4 f5 19. Qg2 b6 20. c4 Qd8 21. Bd3 Qg5 22. Qf3 Nd7 23. cxd5 cxd5 24. c4 Nf6 25. cxd5 Nxd5 26. e4 Nf4 27. Bb5+ Kf7 28. exf5 Rd8 29. fxe6+ Kxe6 30. Qe4+ Kf6 31. Qxh7 Ng2+ 32. Kf1 Nf4 33. Rg1 Qxh5 34. Qxg7+ Kf5 35. Qe5# 1-0


[Site "https://www.chess.com"]

[Event "Titled Tuesday Blitz November 01 Late 2022"]
[White "Raja Harshit"]
[Black "Besedes, Danilo"]
[WhiteFideId "5089000"]
[BlackFideId "946796"]
[WhiteElo "2437"]
[BlackElo "2352"]
[Result "0-1"]
[Round "03"]
[TimeControl "180+1"]
[Date "2022.11.02"]
[WhiteClock "0:00:17"]
[BlackClock "0:00:18"]

1. e4 d6 2. d4 e5 3. dxe5 dxe5 4. Qxd8+ Kxd8 5. Nc3 Be6 6. f4 f6 7. Nf3 exf4 8. Bxf4 Nd7 9. O-O-O a6 10. Nd5 Bxd5 11. Rxd5 Ne7 12. Rd2 Ng6 13. Bg3 Bc5 14. Kb1 Ke7 15. Bxc7 Rac8 16. Bg3 Nde5 17. Be2 Nxf3 18. gxf3 Rhd8 19. Rhd1 Rxd2 20. Rxd2 Be3 21. Rd3 Bf4 22. Rb3 Rc7 23. Rb6 h5 24. b4 h4 25. Bf2 Bxh2 26. Bc5+ Kd8 27. Bf1 Be5 28. Bg1 Kc8 29. Re6 Re7 30. Rxe7 Nxe7 31. c4 Nc6 32. a3 Bd4 33. Bh2 Bf2 34. Bh3+ Kd8 35. b5 axb5 36. cxb5 Nd4 37. Bd6 Bg3 38. Bf8 g5 39. b6 Nxf3 40. a4 Ng1 41. Bg2 Bf2 42. a5 h3 43. Bh1 g4 44. Bd6 g3 45. a6 Bxb6 46. axb7 Bc7 47. b8=Q+ Bxb8 48. Bxb8 g2 49. Bxg2 hxg2 50. e5 Nf3 51. Ba7 fxe5 52. Kc2 Kd7 53. Kd3 Ke6 54. Ke3 g1=Q+ 0-1


[Site "https://www.chess.com"]

[Event "Titled Tuesday Blitz November 01 Late 2022"]
[White "Ramirez, Alejandro"]
[Black "Araujo Sanchez, Josue"]
[WhiteFideId "6500617"]
[BlackFideId "6416896"]
[WhiteElo "2694"]
[BlackElo "2370"]
[Result "1-0"]
[Round "03"]
[TimeControl "180+1"]
[Date "2022.11.02"]
[WhiteClock "0:01:05"]
[BlackClock "0:00:50"]

1. Nf3 d5 2. c4 c6 3. d4 Nf6 4. Qc2 e6 5. Bg5 Be7 6. e3 O-O 7. Nc3 Nbd7 8. Rd1 b6 9. Bd3 Ba6 10. b3 Rc8 11. O-O h6 12. Bh4 b5 13. c5 Bb7 14. b4 a5 15. a4 axb4 16. Na2 bxa4 17. Qxa4 Ra8 18. Qxb4 Ba6 19. Nc1 Ne4 20. Bxe7 Qxe7 21. Bxa6 Rxa6 22. Qb7 Rfa8 23. Ne5 R8a7 24. Qxa7 Rxa7 25. Nxc6 Qe8 26. Nxa7 Qb8 27. Nc6 Qb5 28. Ne7+ Kf8 29. Nc8 Qa6 30. Nd6 Nxd6 31. cxd6 Qxd6 32. Nd3 g5 33. Ra1 Kg7 34. Ra7 Kg6 35. Rxd7 1-0


[Site "https://www.chess.com"]

[Event "Titled Tuesday Blitz November 01 Late 2022"]
[White "Rasulov, Vugar"]
[Black "Korchmar, Vasiliy"]
[WhiteFideId "13402390"]
[BlackFideId "24131750"]
[WhiteElo "2509"]
[BlackElo "2370"]
[Result "1-0"]
[Round "03"]
[TimeControl "180+1"]
[Date "2022.11.01"]
[WhiteClock "0:01:19"]
[BlackClock "0:00:03"]

1. Nf3 d5 2. c4 c6 3. e3 Nf6 4. Nc3 e6 5. d4 Nbd7 6. Bd3 dxc4 7. Bxc4 b5 8. Bd3 b4 9. Ne4 Nxe4 10. Bxe4 Bb7 11. O-O Be7 12. a3 a5 13. Qc2 Rc8 14. axb4 axb4 15. Nd2 Qc7 16. Nb3 c5 17. Ra7 Rb8 18. Bxb7 Rxb7 19. Rxb7 Qxb7 20. dxc5 Qc7 21. Bd2 O-O 22. Bxb4 Rb8 23. Ba3 h5 24. h3 Ne5 25. Nd4 h4 26. Rc1 Rc8 27. c6 Bxa3 28. bxa3 Qa5 29. Qc3 Qd5 30. a4 f5 31. a5 f4 32. exf4 Ng6 33. Qe3 e5 34. fxe5 Nxe5 35. a6 Nc4 36. Qe6+ Qxe6 37. Nxe6 Rxc6 38. a7 Ra6 39. Rxc4 Rxa7 40. Ng5 Kf8 41. Rxh4 1-0


[Site "https://www.chess.com"]

[Event "Titled Tuesday Blitz November 01 Late 2022"]
[White "Rios Escobar, Adan"]
[Black "Sohal, Tanraj"]
[WhiteFideId "3403645"]
[BlackFideId "2608499"]
[WhiteElo "2348"]
[BlackElo "2200"]
[Result "1-0"]
[Round "03"]
[TimeControl "180+1"]
[Date "2022.11.02"]
[WhiteClock "0:00:38"]
[BlackClock "0:01:09"]

1. d4 d5 2. c4 e6 3. g3 Nf6 4. Bg2 Be7 5. Nf3 O-O 6. O-O a6 7. Qc2 b5 8. c5 Nc6 9. a3 a5 10. Nc3 Ba6 11. Bg5 h6 12. Bxf6 Bxf6 13. Rfd1 b4 14. axb4 Nxb4 15. Qb1 c6 16. Na4 Bxe2 17. Rd2 Bxf3 18. Bxf3 e5 19. dxe5 Bxe5 20. Nb6 Rb8 21. Rxa5 Rxb6 22. cxb6 Qxb6 23. Ra3 Bd4 24. Rb3 c5 25. Bxd5 Qf6 26. Qe4 Qg5 27. Rxd4 Rd8 28. Rbxb4 cxb4 29. Qd3 Rd7 30. Be4 Rxd4 31. Qxd4 f5 32. Qd5+ Kh8 33. Qxf5 Qc1+ 34. Kg2 1-0


[Site "https://www.chess.com"]

[Event "Titled Tuesday Blitz November 01 Late 2022"]
[White "Rodriguez Fontecha, Marcos"]
[Black "Bayo Milagro, Alvaro"]
[WhiteFideId "2256576"]
[BlackFideId "22275240"]
[WhiteElo "2263"]
[BlackElo "2270"]
[Result "0-1"]
[Round "03"]
[TimeControl "180+1"]
[Date "2022.11.02"]
[WhiteClock "0:00:05"]
[BlackClock "0:00:19"]

1. d4 Nf6 2. Nf3 g6 3. Bf4 Bg7 4. Nc3 d5 5. Qd2 Ne4 6. Qe3 c5 7. Nxe4 dxe4 8. Qxe4 cxd4 9. O-O-O Nc6 10. Ne5 O-O 11. Nxc6 bxc6 12. e3 Bf5 13. Qf3 e5 14. Bg3 e4 15. Qe2 Qa5 16. Qa6 Qb4 17. Qc4 Qb6 18. exd4 Be6 19. Qa6 Bxd4 20. Qxb6 Bxb6 21. Kb1 f5 22. Bd6 Rfd8 23. Ba6 Rd7 24. Bg3 Rad8 25. Rxd7 Rxd7 26. Kc1 g5 27. Bc8 f4 28. Bxd7 Bxd7 29. Rd1 Be6 30. Rd6 Bd5 31. c4 Bxc4 32. Rxc6 Bf1 33. Rc8+ Kg7 34. h4 fxg3 35. fxg3 e3 36. Re8 e2 37. b4 Bf2 38. Kd2 e1=Q+ 39. Rxe1 Bxe1+ 40. Kxe1 Bxg2 41. hxg5 Kg6 42. Kf2 Bc6 43. a4 Bxa4 0-1


[Site "https://www.chess.com"]

[Event "Titled Tuesday Blitz November 01 Late 2022"]
[White "Roman, Rodrigo"]
[Black "Luxama, Jacques Muller"]
[WhiteFideId "3701220"]
[BlackFideId "11900113"]
[WhiteElo "2001"]
[BlackElo "1931"]
[Result "1-0"]
[Round "03"]
[TimeControl "180+1"]
[Date "2022.11.02"]
[WhiteClock "0:01:13"]
[BlackClock "0:01:02"]

1. e4 c5 2. Nf3 d6 3. Ke2 Bg4 4. d3 Nc6 5. c3 Bxf3+ 6. gxf3 g6 7. h4 h5 8. Bh3 Bg7 9. Be3 Nf6 10. Nd2 Ne5 11. d4 cxd4 12. cxd4 Ned7 13. Qa4 O-O 14. Rac1 a6 15. d5 b5 16. Qc2 Ne5 17. Qc7 Re8 18. Rc2 Bf8 19. Rhc1 Qxc7 20. Rxc7 e6 21. Bg5 Nh7 22. dxe6 fxe6 23. f4 Nxg5 24. hxg5 Nf7 25. Rd7 Rad8 26. Ra7 e5 27. Rcc7 Nh8 28. f5 d5 29. exd5 Rxd5 30. f6 Red8 31. Be6+ Nf7 32. Bxf7+ Kh8 33. Bxd5 Rxd5 34. Rh7+ Kg8 35. Rhd7 Rxd7 36. Rxd7 Bc5 37. Ne4 Bf8 38. f7+ Kg7 39. Nf6 Bc5 40. Ne8+ Kf8 41. f3 Bd4 42. Nf6 Bc5 43. Nh7+ Kg7 44. f8=Q# 1-0


[Site "https://www.chess.com"]

[Event "Titled Tuesday Blitz November 01 Late 2022"]
[White "Roque Sola, Jose Luis"]
[Black "Tomaszewski, Kacper"]
[WhiteFideId "5120390"]
[BlackFideId "1127373"]
[WhiteElo "2117"]
[BlackElo "2211"]
[Result "0-1"]
[Round "03"]
[TimeControl "180+1"]
[Date "2022.11.02"]
[WhiteClock "0:00:01"]
[BlackClock "0:01:30"]

1. c4 c5 2. Nc3 b6 3. Nf3 Bb7 4. e4 e6 5. d4 cxd4 6. Nxd4 a6 7. Be3 Qc7 8. Be2 Nf6 9. f3 Bd6 10. a3 Bxh2 11. Qd2 Bg3+ 12. Kd1 Nc6 13. Nxc6 dxc6 14. Kc2 Rd8 15. Qc1 c5 16. Kb3 b5 17. cxb5 O-O 18. bxa6 Qb6+ 19. Ka2 Bxa6 20. Bxa6 Qxa6 21. Qf1 Rd3 22. Rd1 Rfd8 23. Rxd3 Rxd3 24. Bc1 Qc4+ 25. Kb1 Be5 26. Qe2 Rxc3 0-1


[Site "https://www.chess.com"]

[Event "Titled Tuesday Blitz November 01 Late 2022"]
[White "Rose, Felix"]
[Black "Spitzl, Vinzent"]
[WhiteFideId "5105722"]
[BlackFideId "12901253"]
[WhiteElo "2039"]
[BlackElo "2247"]
[Result "1-0"]
[Round "03"]
[TimeControl "180+1"]
[Date "2022.11.02"]
[WhiteClock "0:00:10"]
[BlackClock "0:00:02"]

1. e4 c5 2. Nf3 d6 3. d4 cxd4 4. Nxd4 Nf6 5. Nc3 a6 6. Be3 e5 7. Nb3 Be7 8. f3 Be6 9. Qd2 h5 10. O-O-O Nbd7 11. Kb1 Rc8 12. h4 b5 13. Bg5 Nb6 14. Nd5 Nfxd5 15. exd5 Nxd5 16. Bxe7 Qxe7 17. Qa5 Nc7 18. Qb6 O-O 19. Rxd6 Nd5 20. Qxa6 Nb4 21. Rxe6 fxe6 22. Qxb5 Nxc2 23. Qxe5 Rf5 24. Qe4 Nb4 25. Bc4 Nd5 26. Re1 Qf7 27. Qe2 Rf4 28. Bd3 Nb4 29. Be4 Qa7 30. a3 Nd5 31. g3 Rf7 32. Nd4 Qxd4 33. Rd1 Qe5 34. Bh7+ Kxh7 35. Qxe5 Nf6 36. Qxe6 Rfc7 37. Qf5+ Kg8 38. g4 Rc5 39. Qe6+ Kh7 40. g5 Ng8 41. Qe4+ Kh8 42. Rd6 Rc1+ 43. Ka2 R1c4 44. Qd3 R4c5 45. f4 Ne7 46. Qd1 g6 47. Rd7 Re8 48. Qd4+ 1-0


[Site "https://www.chess.com"]

[Event "Titled Tuesday Blitz November 01 Late 2022"]
[White "Rosen, Eric"]
[Black "Tan, Ralph"]
[WhiteFideId "2032562"]
[BlackFideId "30966590"]
[WhiteElo "2362"]
[BlackElo "2059"]
[Result "0-1"]
[Round "03"]
[TimeControl "180+1"]
[Date "2022.11.02"]
[WhiteClock "0:00:07"]
[BlackClock "0:00:08"]

1. d4 Nf6 2. Bf4 g6 3. Nc3 d5 4. e3 Bg7 5. h4 c6 6. Nf3 Bg4 7. Qd2 Bxf3 8. gxf3 Nh5 9. Be5 O-O 10. O-O-O Nd7 11. Bxg7 Kxg7 12. f4 f5 13. Be2 Ndf6 14. Rdg1 a5 15. Rg5 a4 16. Rhg1 Kh8 17. Bf3 b5 18. Ne2 a3 19. b3 Qa5 20. Qxa5 Rxa5 21. Kd2 Ra7 22. Nc1 Ne4+ 23. Bxe4 fxe4 24. b4 Rd7 25. c3 Rd6 26. Ne2 Rf5 27. Rxf5 gxf5 28. Rg5 Ng7 29. Ng3 Rf6 30. Kc2 h6 31. Rxg7 Kxg7 32. Nh5+ Kg6 33. Nxf6 exf6 34. Kb3 Kh5 35. Kxa3 Kxh4 36. Kb2 Kg4 37. a4 bxa4 38. c4 h5 39. cxd5 cxd5 40. b5 h4 41. b6 h3 42. b7 h2 43. b8=Q h1=Q 44. Qg8+ Kf3 45. Qxd5 Qd1 46. Qc4 Qd2+ 47. Qc2 Qb4+ 48. Ka2 a3 49. d5 Qb6 50. Qd1+ Kg2 51. d6 Qb2# 0-1


[Site "https://www.chess.com"]

[Event "Titled Tuesday Blitz November 01 Late 2022"]
[White "Rosenberg, Evan S"]
[Black "Tayar, Jonathan"]
[WhiteFideId "2019299"]
[BlackFideId "2606534"]
[WhiteElo "2382"]
[BlackElo "2406"]
[Result "0-1"]
[Round "03"]
[TimeControl "180+1"]
[Date "2022.11.02"]
[WhiteClock "0:00:14"]
[BlackClock "0:00:16"]

1. d4 Nf6 2. Nf3 g6 3. Nc3 d5 4. Bf4 Bg7 5. Nb5 Na6 6. e3 c6 7. Nc3 Qb6 8. Na4 Qd8 9. h3 O-O 10. a3 Ne4 11. b4 Nc7 12. Bd3 f5 13. c4 Kh8 14. cxd5 cxd5 15. O-O b6 16. Rc1 Ne6 17. Be5 Bd7 18. Bxg7+ Nxg7 19. Ne5 Qe8 20. Nxd7 Qxd7 21. Nc3 Rfc8 22. Ne2 Qd6 23. Nf4 Ne6 24. Nxe6 Qxe6 25. Rxc8+ Rxc8 26. Qa4 Rc7 27. Qe8+ Kg7 28. Bxe4 fxe4 29. f3 Rc8 30. Qa4 exf3 31. Rxf3 Rc1+ 32. Kh2 Qd6+ 33. Rg3 Rc3 0-1


[Site "https://www.chess.com"]

[Event "Titled Tuesday Blitz November 01 Late 2022"]
[White "Sai Krishna G V"]
[Black "Manukian, Artak"]
[WhiteFideId "5028280"]
[BlackFideId "13301373"]
[WhiteElo "2359"]
[BlackElo "2508"]
[Result "1-0"]
[Round "03"]
[TimeControl "180+1"]
[Date "2022.11.02"]
[WhiteClock "0:01:32"]
[BlackClock "0:01:40"]

1. Nf3 g6 2. g3 Bg7 3. Bg2 e5 4. O-O f5 5. d3 d5 6. e4 fxe4 7. dxe4 d4 8. c3 c5 9. cxd4 cxd4 10. Na3 Nc6 11. Qb3 Nf6 12. Nc4 Qe7 13. Bg5 h6 14. Bd2 Be6 15. Qa4 O-O 16. Ncxe5 Nxe5 17. Nxe5 Kh7 18. Bb4 Bd7 19. Bxe7 Bxa4 20. Bxf8 Rxf8 21. f4 Rd8 22. b3 Bb5 23. Rfd1 h5 24. a4 Ba6 25. b4 b6 26. Nc6 Rd6 27. e5 1-0


[Site "https://www.chess.com"]

[Event "Titled Tuesday Blitz November 01 Late 2022"]
[White "Sanchez, Robert"]
[Black "Itkis, Boris"]
[WhiteFideId "2034360"]
[BlackFideId "1209167"]
[WhiteElo "2402"]
[BlackElo "2232"]
[Result "1-0"]
[Round "03"]
[TimeControl "180+1"]
[Date "2022.11.02"]
[WhiteClock "0:01:16"]
[BlackClock "0:01:18"]

1. e4 e5 2. Nf3 Nc6 3. Bb5 a6 4. Ba4 d6 5. c3 f5 6. exf5 Bxf5 7. d4 e4 8. d5 exf3 9. Qxf3 Bg6 10. dxc6 b5 11. Bb3 Qf6 12. Qe2+ Be7 13. O-O Nh6 14. a4 bxa4 15. Rxa4 Bxb1 16. Bxh6 Bf5 17. Be3 a5 18. Bd4 Qg6 19. Re1 Qg5 20. f4 1-0


[Site "https://www.chess.com"]

[Event "Titled Tuesday Blitz November 01 Late 2022"]
[White "Seo, Jung Min"]
[Black "Pap, Gyula"]
[WhiteFideId "1734687"]
[BlackFideId "725323"]
[WhiteElo "2455"]
[BlackElo "2519"]
[Result "0-1"]
[Round "03"]
[TimeControl "180+1"]
[Date "2022.11.01"]
[WhiteClock "0:00:03"]
[BlackClock "0:00:13"]

1. e4 e5 2. Nf3 Nc6 3. Bb5 a6 4. Ba4 Nf6 5. O-O Nxe4 6. d4 Be7 7. Re1 b5 8. Rxe4 d5 9. Nxe5 Nxe5 10. Rxe5 bxa4 11. b3 O-O 12. Ba3 Bxa3 13. Nxa3 Re8 14. Rxe8+ Qxe8 15. Nb1 Qc6 16. Qd2 Bf5 17. Nc3 a3 18. Re1 Bg6 19. h3 h6 20. Re5 Rd8 21. Re2 Kh7 22. f3 Rd6 23. Nb1 Qb6 24. Nxa3 c5 25. c3 cxd4 26. Qxd4 Qa5 27. Qb4 Qc7 28. Nc2 Rc6 29. Re7 Qc8 30. Ne3 Rxc3 31. Nxd5 Rc2 32. Nf4 Qf5 33. Nxg6 Qxg6 34. Qg4 Rc1+ 35. Kf2 Qb6+ 36. Ke2 Qb5+ 37. Kd2 Qc5 38. Rxf7 Qc3+ 39. Ke2 Rc2+ 40. Kf1 Qa1# 0-1


[Site "https://www.chess.com"]

[Event "Titled Tuesday Blitz November 01 Late 2022"]
[White "Shapiro, Daniel"]
[Black "Prydun, Andriy"]
[WhiteFideId "2001780"]
[BlackFideId "14145898"]
[WhiteElo "2271"]
[BlackElo "2163"]
[Result "1/2-1/2"]
[Round "03"]
[TimeControl "180+1"]
[Date "2022.11.02"]
[WhiteClock "0:00:06"]
[BlackClock "0:00:13"]

1. d4 Nf6 2. c4 e6 3. g3 d5 4. Nf3 Be7 5. Bg2 O-O 6. O-O c6 7. Qc2 Nbd7 8. Rd1 b6 9. Nc3 Ba6 10. b3 Rc8 11. Bb2 dxc4 12. Nd2 c5 13. d5 exd5 14. Nxd5 cxb3 15. Nxb3 Qe8 16. Bh3 Rc6 17. Nd4 Rd6 18. Nc7 Qd8 19. Nxa6 cxd4 20. Rxd4 Rxd4 21. Bxd4 Nb8 22. Rd1 Nxa6 23. Bxf6 Bxf6 24. Rxd8 Rxd8 25. a3 Nc5 26. Bg2 g6 27. h4 h5 28. e3 Kg7 29. Bf1 Rd6 30. Bc4 a5 31. Qb1 Be7 32. Kg2 Rf6 33. f4 Rd6 34. Qc2 f5 35. Qc3+ Bf6 36. Qc2 Ne4 37. Bd3 Nc5 38. Bc4 Ne4 39. Bd3 Nc5 40. Bc4 1/2-1/2


[Site "https://www.chess.com"]